 Dungeon Crawl Stone Soup version 0.31-a0-816-gd61d57ddb1 (webtiles) character file.

Game seed: 13152680501376113651

541 Leeroy the Changeling (level 7, -3/36 HPs)
             Began as a White Draconian Shapeshifter on Sept 22, 2023.
             Slain by an ogre
             ... wielding a +0 giant club
              (20 damage)
             ... on level 5 of the Dungeon.
             The game lasted 00:08:19 (3735 turns).

Leeroy the Changeling (DrSh)                        Turns: 3735, Time: 00:08:20

Health: -3/36      AC:  6    Str: 18    XL:     7   Next: 5%
Magic:  16/16      EV: 12    Int: 10    God:
Gold:   272        SH:  0    Dex: 11    Spells: 4/6 levels left

rFire   . .          .
                       - Unarmed
rCold   + + .        (no shield)
rNeg    . . .        (body armour unavailable)
rPois   .            (helmet restricted)
rElec   .            h - scarf {shadows}
rCorr   .            (no gloves)
SInv    .            (no boots)
Will    .....        (no amulet)
Stlth   +            i - ring of protection from cold
HPRegen 0.26/turn    k - ring of magical power
MPRegen 0.15/turn

%: no passive effects
@: maw-form
A: devouring maw, reduced hp, breathe frost, AC +6, unfitting armour, cold
resistance 1, cold-blooded
a: Breathe Frost, Begin Untransformation


You were on level 5 of the Dungeon.
You were a creature with a mouth for a stomach.
You visited 1 branch of the dungeon, and saw 5 of its levels.

You collected 272 gold pieces.

Inventory:

Hand Weapons
 m - a +1 antimagic whip
Armour
 f - a +2 robe of willpower
 h - a scarf of shadows (worn)
 o - a +0 helmet
Jewellery
 i - a ring of protection from cold (left hand)
 k - a ring of magical power (right hand)
Talismans
 a - a maw talisman (active)
 b - a beast talisman
 c - a flux talisman
Wands
 j - a wand of charming (16)
Scrolls
 g - 7 scrolls of identify {unknown}
 l - a scroll of torment {unknown}
 n - 2 scrolls of noise {unknown}
 p - a scroll of silence {unknown}
 r - a scroll of revelation {unknown}
 s - a scroll of teleportation {unknown}
 t - a scroll of fear {unknown}
 w - a scroll of vulnerability {unknown}
Potions
 d - a potion of degeneration {unknown}
 e - 5 potions of curing {unknown}
 q - 2 potions of brilliance {unknown}
 u - a potion of heal wounds {unknown}
 v - 2 potions of berserk rage {unknown}
 x - a potion of attraction {unknown}


   Skills:
 - Level 1.3 Fighting
 - Level 1.7 Dodging
 - Level 4.2 Unarmed Combat
 + Level 6.9 Shapeshifting


You had 4 spell levels left.
You knew the following spells:

 Your Spells              Type           Power      Damage    Failure   Level
a - Wereblood             Tmut           0%         N/A       50%         2

Your spell library contained the following spells:

 Spells                   Type           Power      Damage    Failure   Level
 Magic Dart               Conj           0%         1d3       36%         1
 Searing Ray              Conj           0%         2d4       50%         2
 Inner Flame              Hex/Fire       0%         N/A       75%         3
 Summon Guardian Golem    Hex/Summ       0%         N/A       75%         3
 Fulminant Prism          Conj/Hex       0%         3d5       98%         4
 Irradiate                Conj/Tmut      0%         3d11      100%        5
 Yara's Violent Unravell  Hex/Tmut       0%         3d3       100%        5
 Enfeeble                 Hex            0%         N/A       100%        7
 Orb of Destruction       Conj           0%         9d5       100%        7
 Spellforged Servitor     Conj/Summ      0%         N/A       100%        7


Dungeon Overview and Level Annotations

Branches:
Dungeon (5/15)
 Temple: D:4-7

Altars:
Qazlal
Vehumet

Shops:
D:3 [

Annotations:
D:4 3 runed translucent doors, Tungsten's ghost, amateur DrSh


Innate Abilities, Weirdness & Mutations

You are a creature with a mouth for a stomach.
Your midsection houses a second, enormous mouth.
Your maximum health is decreased, since you lack skill for your form.
You can breathe waves of freezing cold which knock back foes.
Your icy white scales are hard. (AC +6)
You cannot fit into any form of body armour.
Your flesh is cold resistant. (rC+)
You are cold-blooded and may be slowed by cold attacks.


Message History

The adder moves out of view.
You see here a maw talisman.
a - a maw talisman
Okay, then.
You begin transforming.
You continue transforming. x3
Your transformation has ended.
Your scarf of shadows unmelds from your body.
It gets dark.
You turn into a creature with a mouth for a stomach.
Okay, then.
An adder comes into view.
The adder moves out of view.
An ogre comes into view. It is wielding a +0 giant club.
The ogre shouts!
The adder hisses angrily.
The adder attacks as it pursues you! The adder completely misses you.
The adder attacks as it pursues you! The adder barely misses you.
The adder bites you but does no damage. The adder attacks as it pursues you!
The adder barely misses you. The adder bites you but does no damage.
The adder bites you.
You open the door.
Found 17 gold pieces.
There is an open door here.
You hit the ogre.
The ogre is lightly wounded.
The ogre hits you with a +0 giant club!!
Ouch! That really hurt!
You hit the ogre. You bite the ogre.
The ogre is moderately wounded.
You hit the ogre. Your punch misses the ogre.
You bite the ogre, but do no damage.
The ogre is moderately wounded.
The ogre barely misses you.
You hit the ogre but do no damage. You bite the ogre!
The ogre is heavily wounded.
You punch the ogre! You tail-slap the ogre. Your bite misses the ogre.
The ogre is almost dead.
The ogre hits you with a +0 giant club!!
Ouch! That really hurt!
You die...

..#.......#...#..#.#
#.#............... .
~~P###$#.........###.#####
♣~..[................
~♣~~...###......#####
~~~~#..# #####.## ~~~.~..#
#S# ~~♣P~..# #O# ~P~~~P##
#W# ~~~PP~ #...# .~~~~.
#.....# #.......#
#.........# +....$....+
#.........#


You could see an ogre and an adder.

Vanquished Creatures
  An ogre (D:5)
  A phantom (D:5)
  A scorpion (D:4)
  A hound (D:4)
  3 orc priests
  Ijyb (D:3)
  2 orc wizards
  An adder (D:2)
  2 worms
  4 dart slugs
  11 orcs
  4 bats
  9 endoplasms
  5 giant cockroaches
  3 goblins (D:1)
  4 hobgoblins
  6 jackals (D:1)
  5 quokkas
  7 ball pythons
  5 frilled lizards
  6 kobolds
  6 rats
88 creatures vanquished.

Vanquished Creatures (others)
  An orc wizard (D:5)
1 creature vanquished.

Grand Total: 89 creatures vanquished

Notes
Turn   | Place    | Note
-------+----------+-------------------------------------------
     0 | D:1      | Leeroy the Draconian Shapeshifter began the quest for the
                  | Orb.
     0 | D:1      | Reached XP level 1. HP: 16/16 MP: 1/1
    76 | D:1      | Reached XP level 2. HP: 3/23 MP: 2/2
   297 | D:1      | Reached XP level 3. HP: 28/28 MP: 3/3
  1342 | D:2      | Reached XP level 4. HP: 35/35 MP: 4/4
  1729 | D:3      | Found Urphitho's Armour Shop.
  1783 | D:3      | Noticed Ijyb
  1848 | D:3      | Killed Ijyb
  1849 | D:3      | Reached skill level 4 in Shapeshifting
  1987 | D:3      | Reached XP level 5. HP: 38/40 MP: 5/5
  2556 | D:3      | Found a stormy altar of Qazlal.
  2616 | D:4      | Found a runed translucent gate.
  2630 | D:4      | Found a runed translucent gate.
  2630 | D:4      | Found a runed translucent gate.
  2632 | D:4      | Noticed Tungsten's ghost (amateur DrSh)
  2662 | D:4      | Learned a level 2 spell: Wereblood
  2682 | D:4      | Reached skill level 5 in Shapeshifting
  2862 | D:4      | Reached XP level 6. HP: 16/47 MP: 6/6
  3336 | D:5      | Entered Level 5 of the Dungeon
  3404 | D:5      | Reached skill level 6 in Shapeshifting
  3444 | D:5      | Found a radiant altar of Vehumet.
  3539 | D:5      | Your scales start taking on an icy white colour.
  3539 | D:5      | Reached XP level 7. HP: 21/52 MP: 7/7
  3539 | D:5      | Gained mutation: Your flesh is cold resistant. (rC+) [White
                  | Draconian growth]
  3735 | D:5      | Slain by an ogre

Illustrated notes

Levels and vault maps discovered:
D:1:      nzn_arrival_settlement, layout_loops_ring, kennysheep_nondescript,
          minmay_misc_feat_four_crosses
D:2:      layout_basic
D:3:      layout_loops_ring, nicolae_qazlal_scattered_showers, serial_shops,
          shop, uniq_ijyb
D:4:      layout_cave_pools, gammafunk_ghost_nasty_kobolds,
          chequers_mini_garden, chequers_serial_rivers_small_3
D:5:      layout_loops_corners, vehumet_crystals, serial_bayou_lagoon_a

Skill      XL: |  1  2  3  4  5  6 |
---------------+-------------------+-----
Unarmed Combat | 4 |  4.2
Shapeshifting  | 4 5 6 |  6.9
Fighting       | |  1.3
Dodging        | |  1.7

Action                     |  1- 3 |  4- 6 |  7- 9 || total
---------------------------+-------+-------+-------++-------
  Melee: Unarmed           |   141 |   182 |     6 ||   329
         Tailslap          |    12 |    17 |     1 ||    30
         Punch             |     2 |     3 |       ||     5
         Maw               |       |       |     3 ||     3
Ability: Begin Untransform |     1 |       |       ||     1
    Use: Potion            |       |     1 |       ||     1
   Stab: Sleeping          |     1 |     1 |       ||     2
 Armour: Skin              |    64 |   132 |     5 ||   201
  Dodge: Dodged            |    74 |    77 |     4 ||   155
   Form: Flux              |     1 |       |       ||     1
         Beast             |     2 |       |       ||     2
         Maw               |       |       |     1 ||     1

Table legend: (Time is in decaauts)
 A = Elapsed time spent in this place.
 B = Non-inter-level travel time spent in this place.
 C = Inter-level travel time spent in this place.
 D = Time resting spent in this place.
 E = Time spent auto-exploring this place.
 F = Levels seen in this place.
 G = Mean time per level.
                   A        B        C        D        E       F      G
               +--------+--------+--------+--------+--------+-----+--------+
         Total |   3714 |   3571 |    143 |      0 |   2784 |   5 |  742.8 |
       Dungeon |   3714 |   3571 |    143 |      0 |   2784 |   5 |  742.8 |
               +--------+--------+--------+--------+--------+-----+--------+

Top non-repeatable levels by time:
     D:1: 996 daAuts
     D:3: 881 daAuts
     D:2: 723 daAuts
     D:4: 719 daAuts
     D:5: 393 daAuts
